 Dungeon Crawl Stone Soup version 0.31-a0-632-g766dd24fdf (webtiles) character file.

Game seed: 3026761376223492180

44 Ofeo the Sneak (level 3, 0/19 HPs)
             Began as a Kobold Earth Elementalist on Aug 25, 2023.
             Slain by a goblin
             ... wielding a +0 club
             ... led by Robin
              (3 damage)
             ... on level 2 of the Dungeon.
             The game lasted 00:01:49 (1325 turns).

Ofeo the Sneak (Kobold Earth Elementalist)          Turns: 1325, Time: 00:01:50

Health: 0/19       AC:  2    Str:  5    XL:     3   Next: 87%
Magic:  1/6        EV: 15    Int: 16    God:
Gold:   31         SH:  0    Dex: 17    Spells: 1/7 levels left

rFire   . . .        (weapon restricted)
rCold   . . .        (no shield)
rNeg    . . .        a - +0 robe
rPois   .            (no helmet)
rElec   .            (no cloak)
rCorr   .            (no gloves)
SInv    .            (no boots)
Will    .....        (no amulet)
Stlth   ++++         (no ring)
HPRegen 0.23/turn    (no ring)
MPRegen 0.10/turn

%: no passive effects
@: very slightly contaminated, invisible
A: small, no large weapons, nightstalker 3
a: no special abilities


You were on level 2 of the Dungeon.
You visited 1 branch of the dungeon, and saw 2 of its levels.

You collected 31 gold pieces.

Inventory:

Armour
 a - a +0 robe (worn)
Scrolls
 e - a scroll of summoning {unknown}
 f - 2 scrolls of vulnerability
Potions
 d - a potion of attraction {unknown}
 I - a potion of invisibility


   Skills:
 + Level 3.0 Dodging
 + Level 3.4 Stealth
 + Level 2.6 Spellcasting
 + Level 1.6 Transmutations
 + Level 3.3 Earth Magic


You had one spell level left.
You knew the following spells:

 Your Spells              Type           Power      Damage    Failure   Level
a - Sandblast             Erth           24%        2d8       4%          1
b - Passwall              Tmut/Erth      8%         N/A       11%         2
c - Stone Arrow           Conj/Erth      14%        3d7       28%         3

Your spell library contained the following spells:

 Spells                   Type           Power      Damage    Failure   Level
 Petrify                  Tmut/Erth      10%        N/A       56%         4


Dungeon Overview and Level Annotations

Branches:
Dungeon (2/15)

Altars:

Shops:
D:1 :


Innate Abilities, Weirdness & Mutations

You are small and have problems with some larger weapons.
You are completely attuned to the shadows.


Message History

Aim: a goblin, wielding a +0 dagger (wandering, unable to see you, hasn't noticed you, 77% to hit)
The blast of sand hits the goblin!
You kill the goblin!
The goblin misses you. The goblin barely misses you.
The goblin completely misses you. The goblin misses you.
The goblin closely misses you.
You now have 3/6 mp.
Casting: Sandblast (safe; 4% risk of failure)
Confirm with . or Enter, or press ? or * to list all spells.
Aiming: Sandblast (safe; 4% risk of failure)
Press: ? - help, Shift-Dir - straight line, f - goblin
Aim: a goblin, wielding a +0 club (strong, unable to see you, 77% to hit)
You miscast Sandblast.
You are very lightly contaminated with residual magic.
Nothing appears to happen.
The goblin hits you but does no damage. The goblin barely misses you. x2
Casting: Sandblast (safe; 4% risk of failure)
Confirm with . or Enter, or press ? or * to list all spells.
Aiming: Sandblast (safe; 4% risk of failure)
Press: ? - help, Shift-Dir - straight line, f/p - goblin
Aim: a goblin, wielding a +0 club (strong, unable to see you, 77% to hit)
The blast of sand misses the goblin.
The goblin barely misses you. The goblin hits you with a +0 club.
The goblin hits you but does no damage.
You take 5 damage, and have 6/19 hp.
MASSIVE DAMAGE!!
You now have 2/6 mp.
You hit the goblin.
The goblin is moderately wounded.
The goblin misses you. The goblin closely misses you. x2
Casting: Sandblast (safe; 4% risk of failure)
Confirm with . or Enter, or press ? or * to list all spells.
Aiming: Sandblast (safe; 4% risk of failure)
Press: ? - help, Shift-Dir - straight line, f/p - goblin
Aim: a goblin, wielding a +0 club (moderately wounded, strong, unable to see you, 77% to hit)
The blast of sand hits the goblin!
You kill the goblin!
The goblin hits you with a +0 club.
* * * LOW HITPOINT WARNING * * *
The goblin misses you. The goblin hits you with a +0 club.
* * * LOW HITPOINT WARNING * * *
The goblin hits you with a +0 club.
You die...

.......#..
.[...###..
..#.....# ####.#
### ........#
##'##### ........#
#....... ........#
##.......
...)$...#
#........
.))####)#
#.#...### .)
#@########.......†
$
#gg...........<..#
############...###
#...# # #...#
#...#


You could see 2 goblins.

Vanquished Creatures
  Robin (D:2)
  A dart slug (D:1)
  2 endoplasms (D:1)
  A giant cockroach (D:1)
  3 hobgoblins
  2 quokkas (D:1)
  A ball python (D:1)
  3 bats (D:1)
  A frilled lizard (D:1)
  12 goblins
  A kobold (D:1)
  2 rats
30 creatures vanquished.

Notes
Turn   | Place    | Note
-------+----------+-------------------------------------------
     0 | D:1      | Ofeo the Kobold Earth Elementalist began the quest for the
                  | Orb.
     0 | D:1      | Reached XP level 1. HP: 10/10 MP: 3/3
   384 | D:1      | Reached XP level 2. HP: 15/15 MP: 3/5
   850 | D:1      | Found Zinohyoc's Book Emporium.
   935 | D:1      | Reached XP level 3. HP: 19/19 MP: 4/6
  1160 | D:1      | Learned a level 2 spell: Passwall
  1164 | D:1      | Learned a level 3 spell: Stone Arrow
  1310 | D:2      | Noticed Robin
  1320 | D:2      | Killed Robin
  1325 | D:2      | Slain by a goblin

Illustrated notes

Levels and vault maps discovered:
D:1:      lightli_molten_gateway, layout_loops_ring, serial_shops,
          nicolae_shop_waterfront, item_on_display_a
D:2:      layout_basic, uniq_robin, uniq_sigmund

Skill      XL: |  1  2  3 |
---------------+----------+-----
Stealth        | 3 |  3.4
Dodging        | 3 |  3.0
Spellcasting   | |  2.6
Transmutations | |  1.6
Earth Magic    | |  3.3

Action                     || total
---------------------------++-------
  Melee: Unarmed           ||     3
   Cast: Sandblast         ||    37
         Passwall          ||     2
    Use: Potion            ||     2
         Scroll            ||     1
 Armour: Robe              ||     3
  Dodge: Dodged            ||    26

Table legend: (Time is in decaauts)
 A = Elapsed time spent in this place.
 B = Non-inter-level travel time spent in this place.
 C = Inter-level travel time spent in this place.
 D = Time resting spent in this place.
 E = Time spent auto-exploring this place.
 F = Levels seen in this place.
 G = Mean time per level.
                   A        B        C        D        E       F      G
               +--------+--------+--------+--------+--------+-----+--------+
         Total |   1344 |   1284 |     60 |      4 |   1168 |   2 |  672.0 |
       Dungeon |   1344 |   1284 |     60 |      4 |   1168 |   2 |  672.0 |
               +--------+--------+--------+--------+--------+-----+--------+

Top non-repeatable levels by time:
     D:1: 1206 daAuts
     D:2: 138 daAuts
